 Dungeon Crawl Stone Soup version 0.28-a0-1555-g9ae15a6949 (webtiles) character file.

Game seed: 11680340372863917439

883 knot the Chopper (level 7, -2/78 HPs)
             Began as a Demonspawn Berserker on Jan 18, 2022.
             Was a Priest of Trog.
             Slain by a sky beast (5 damage)
             ... on level 6 of the Dungeon.
             The game lasted 00:03:56 (5172 turns).

knot the Chopper (Demonspawn Berserker)             Turns: 5172, Time: 00:03:57

Health: -2/78      AC:  8    Str: 21    XL:     7   Next: 76%
Magic:  7/7        EV: 11    Int:  7    God:    Trog [***...]
Gold:   154        SH:  0    Dex: 13    Spells: 6/6 levels left

rFire   . . .      SeeInvis .   q - +0 broad axe
rCold   + . .      Faith    .   (no shield)
rNeg    + . .      Spirit   .   d - +0 ring mail
rPois   .          Reflect  .   (no helmet)
rElec   .          Harm     .   (no cloak)
rCorr   .          Rampage  .   (no gloves)
Will    .....                   p - +0 pair of boots
Stlth   ..........              (no amulet)
HPRegen 0.23/turn               c - ring of positive energy
MPRegen 0.20/turn               j - ring of Asaig {rC+ Str+4 Int-3}

@: berserking, very quick
A: claws 1, icy blue scales 1, magic regeneration
a: Renounce Religion, Berserk, Trog's Hand


You were on level 6 of the Dungeon.
You worshipped Trog.
Trog was most pleased with you.
You visited 1 branch of the dungeon, and saw 6 of its levels.

You collected 154 gold pieces.

Inventory:

Hand Weapons
 q - a +0 broad axe (weapon)
Missiles
 e - 7 poisoned darts (quivered)
 f - 100 stones
 i - 43 sling bullets
Armour
 d - a +0 ring mail (worn)
 p - a +0 pair of boots (worn)
Jewellery
 c - a ring of positive energy (left claw)
 j - the ring of Asaig (right claw) {rC+ Str+4 Int-3}
   (You found it on level 4 of the Dungeon)

   [ring of protection from cold]

   Str:       It affects your strength (+4).
   Int:       It affects your intelligence (-3).
   rC:        It protects you from cold.
Wands
 k - a wand of mindburst (6)
 u - a wand of iceblast (6)
Scrolls
 a - 2 scrolls of identify
 b - a scroll of teleportation
 g - a scroll of brand weapon {unknown}
 l - a scroll of vulnerability
 m - 2 scrolls of noise {unknown}
 r - a scroll of holy word {unknown}
 t - a scroll of blinking {unknown}
Potions
 h - 2 potions of magic {unknown}
 n - a potion of resistance {unknown}
 o - a potion of heal wounds
 s - 2 potions of cancellation {unknown}


   Skills:
 - Level 3.0 Fighting
 * Level 6.7 Axes
 * Level 5.1 Throwing
 - Level 1.7 Armour
 - Level 1.7 Dodging


You had 6 spell levels left.
You didn't know any spells.
Your spell library contained the following spells:

 Spells                   Type           Power      Damage    Failure   Level
 Apportation              Tloc           0%         N/A       58%         1
 Beastly Appendage        Tmut           0%         N/A       58%         1
 Wereblood                Tmut           0%         N/A       75%         2
 Spider Form              Tmut/Pois      0%         N/A       92%         3
 Alistair's Intoxication  Tmut/Pois      0%         N/A       100%        5


Dungeon Overview and Level Annotations

Branches:
Dungeon (7/15)
 Temple: D:4-7

Altars:
Ashenzari
The Shining One


Innate Abilities, Weirdness & Mutations

You have sharp fingernails.
You are partially covered in icy blue scales. (AC +2)
You regenerate magic rapidly.


Message History

Found a glowing battleaxe.
An orc comes into view. It is wielding a +0 war axe.
The orc shouts!
A sky beast comes into view.
The orc closely misses you.
You completely miss the orc.
The sky beast flickers out of sight!
Deactivating autopickup; reactivate with Ctrl-A.
The orc misses you.
You hit the orc but do no damage. The orc hits you with a +0 war axe!
You slash the orc!
You kill the orc!
Trog accepts your kill.
You miss something. Something hits you. Something shocks you.
You slash something!
Something hits you but does no damage. x2
You barely miss something. You claw something.
Something hits you but does no damage.
You barely miss something. Something hits you. Something shocks you.
You barely miss something. Something hits you but does no damage.
You hit something but do no damage. Something hits you. Something shocks you.
Something hits you. Something shocks you.
* * * LOW HITPOINT WARNING * * *
You closely miss something. Something hits you.
* * * LOW HITPOINT WARNING * * *
Something shocks you.
* * * LOW HITPOINT WARNING * * *
A red film seems to cover your vision as you go berserk!
You feel yourself moving faster!
You feel mighty! Something hits you but does no damage.
You hit something. Something hits you but does no damage.
You barely miss something. You miss something. Something hits you.
* * * LOW HITPOINT WARNING * * *
Something shocks you.
* * * LOW HITPOINT WARNING * * *
You miss something.
A sky beast appears from thin air!
Reactivating autopickup.
The sky beast hits you.
* * * LOW HITPOINT WARNING * * *
The sky beast shocks you.
You die...

#.# #.....# #.#
#.....########### #..
+................
#.....#......####
#.....#......#
########.....#......#
#...........##......#
#...........##......#
#.....)@....##......#
#.....Y.....#.......#
###.........#....####
#.........#....#
#.:....)..#....#
...........#..).#
............#....#
......#######....#
.....#


You could see a sky beast.

Vanquished Creatures
  Sigmund (D:3)
  A steam dragon (D:4)
  A water moccasin (D:7)
  A necrophage (D:4)
  A bullfrog (D:3)
  A wyvern zombie (D:7)
  A centaur zombie (D:4)
  An orc priest (D:3)
  2 iguanas (D:4)
  2 orc wizards (D:3)
  4 adders
  An ufetubus (D:4)
  An adder skeleton (D:3)
  2 worms
  3 orcs
  7 bats
  4 endoplasms
  8 goblins
  5 hobgoblins
  13 jackals
  6 kobolds
  A quokka (D:1)
  9 ball pythons
  3 frilled lizards
  4 rats
83 creatures vanquished.

Notes
Turn   | Place    | Note
-------+----------+-------------------------------------------
     0 | D:1      | knot the Demonspawn Berserker began the quest for the Orb.
     0 | D:1      | Reached XP level 1. HP: 18/18 MP: 1/1
     6 | D:1      | Noticed a rime drake
     6 | D:1      | Noticed a salamander
     6 | D:1      | Noticed a lindwurm
     7 | D:1      | Noticed a snapping turtle
     7 | D:1      | Noticed a black bear
    91 | D:1      | Reached skill level 3 in Axes
   196 | D:1      | Found a faded altar of an unknown god.
   460 | D:1      | Gained mutation: You regenerate magic rapidly. [demonic
                  | ancestry]
   460 | D:1      | Reached XP level 2. HP: 24/24 MP: 2/2
  1562 | D:2      | Reached ** piety under Trog
  1563 | D:2      | Reached XP level 3. HP: 29/29 MP: 3/3
  1706 | D:2      | Reached skill level 4 in Axes
  2419 | D:3      | Noticed a bullfrog
  2430 | D:3      | Killed a bullfrog
  2431 | D:3      | Reached skill level 1 in Throwing
  2431 | D:3      | Gained mutation: You have sharp fingernails. [demonic
                  | ancestry]
  2431 | D:3      | Reached XP level 4. HP: 35/35 MP: 4/4
  2975 | D:3      | Gained mutation: You are partially covered in icy blue
                  | scales. (AC +2) [demonic ancestry]
  2975 | D:3      | Reached XP level 5. HP: 37/41 MP: 5/5
  3416 | D:3      | Reached skill level 5 in Axes
  3548 | D:3      | Noticed Sigmund
  3566 | D:3      | Killed Sigmund
  3567 | D:3      | Reached XP level 6. HP: 47/47 MP: 6/6
  4021 | D:4      | Noticed a steam dragon
  4034 | D:4      | Killed a steam dragon
  4080 | D:4      | Reached XP level 7. HP: 52/52 MP: 7/7
  4114 | D:4      | Reached skill level 6 in Axes
  4153 | D:4      | Found a broken altar of Ashenzari.
  4579 | D:4      | Reached *** piety under Trog
  4682 | D:4      | Identified the ring of Asaig {rC+ Str+4 Int-3}
  4732 | D:4      | You fall into a shaft and drop 3 floors!
  4771 | D:7      | Reached skill level 5 in Throwing
  5172 | D:6      | HP: 3/78 [sky beast (3)]
  5172 | D:6      | Slain by a sky beast

Illustrated notes

Levels and vault maps discovered:
D:1:      onia_arrival_zoo_common, layout_basic,
          nicolae_ecumenical_snake_handling, minmay_tetromino_t4
D:2:      layout_basic, grunt_decor_clamped
D:3:      layout_basic, mainiacjoe_overflow_alcove_1, corexii_hall_statues_s,
          grunt_decor_fettered, uniq_sigmund
D:4:      layout_rooms, ashenzari_altar_1, zin_purify, dk_noncrumbling_2,
          hangedman_decor_diamond_cutter, kennysheep_another_room,
          kennysheep_path_1
D:6:      layout_basic, lemuel_crystal_altar,
          minmay_temple_entry_statues_pillars, serial_shops, shop,
          roderic_roman_lattice, uniq_grinder
D:7:      layout_basic, serial_shops, kennysheep_mini,
          chequers_serial_rivers_marsh, grunt_decor_junction

Skill      XL: |  1  2  3  4  5  6  7 |
---------------+----------------------+-----
Axes           | 3 4 5 6 |  6.7
Throwing       | 1 2 3 4 5 |  5.1
Fighting       | |  3.0
Armour         | |  1.7
Dodging        | |  1.7

Action                   |  1- 3 |  4- 6 |  7- 9 || total
-------------------------+-------+-------+-------++-------
Melee: Hand axe          |    89 |    25 |       ||   114
       Broad axe         |       |    66 |    77 ||   143
       Punch             |       |     2 |     1 ||     3
Throw: Dart              |    17 |     9 |     1 ||    27
Invok: Berserk           |     2 |     1 |     1 ||     4
Evoke: Wand              |       |     3 |       ||     3
  Use: Scroll            |       |     4 |       ||     4
Armor: Animal skin       |     1 |       |       ||     1
       Ring mail         |    29 |    42 |    42 ||   113
Dodge: Dodged            |    90 |    69 |    55 ||   214

Table legend: (Time is in decaauts)
 A = Elapsed time spent in this place.
 B = Non-inter-level travel time spent in this place.
 C = Inter-level travel time spent in this place.
 D = Time resting spent in this place.
 E = Time spent auto-exploring this place.
 F = Levels seen in this place.
 G = Mean time per level.
                   A        B        C        D        E       F      G
               +--------+--------+--------+--------+--------+-----+--------+
         Total |   5249 |   5106 |    143 |   1374 |   3117 |   6 |  874.8 |
       Dungeon |   5249 |   5106 |    143 |   1374 |   3117 |   6 |  874.8 |
               +--------+--------+--------+--------+--------+-----+--------+

Top non-repeatable levels by time:
     D:3: 1483 daAuts
     D:1: 1323 daAuts
     D:4: 1004 daAuts
     D:2: 991 daAuts
     D:7: 388 daAuts
     D:6: 57 daAuts
